 Dungeon Crawl Stone Soup version 0.30-a0-585-g93115170b9 (webtiles) character file.

Game seed: 9506649354410752000

81 TrayleKats the Trooper (level 4, -1/42 HPs)
             Began as a Naga Warper on Jan 2, 2023.
             Succumbed to a water moccasin's poison
             ... on level 3 of the Dungeon.
             The game lasted 00:03:05 (1436 turns).

TrayleKats the Trooper (Naga Warper)                Turns: 1436, Time: 00:03:06

Health: -1/42      AC: 12    Str: 12    XL:     4   Next: 40%
Magic:  8/8        EV:  3    Int: 15    God:
Gold:   103        SH:  0    Dex: 14    Spells: 7/9 levels left

rFire   . . .      SeeInvis +    k - +1 mace (protect)
rCold   . . .      Faith    .    (no shield)
rNeg    . . .      Spirit   .    o - +0 chain mail
rPois   +          Reflect  .    (no helmet)
rElec   .          Harm     .    (no cloak)
rCorr   .          Rampage  .    (no gloves)
Will    +....                    (no barding) Stlth
                                 (no amulet)
HPRegen 0.27/turn                (no ring)
MPRegen 0.11/turn                (no ring)

@: mighty, lethally poisoned (-1 -> -13), under a protective aura, attractive,
very slow
A: AC +1, large, see invisible, deformed body, poison resistance, slowness 2,
spit poison 1, naga tail 1, agile 1, strong-willed 1
a: Spit Poison


You were on level 3 of the Dungeon.
You visited 1 branch of the dungeon, and saw 3 of its levels.

You collected 103 gold pieces.

Inventory:

Hand Weapons
 k - a +1 mace of protection (weapon)
Missiles
 d - 7 boomerangs of dispersal
 f - 3 poisoned darts
 n - 2 silver javelins
Armour
 o - a +0 chain mail (worn)
Scrolls
 a - a scroll of vulnerability {unknown}
 b - a scroll of immolation {unknown}
 c - a scroll of blinking
 g - a scroll of torment {unknown}
 i - 2 scrolls of teleportation {unknown}
Potions
 e - a potion of mutation


   Skills:
 + Level 3.4 Fighting
 - Level 2.0 Axes
 - Level 0.8 Throwing
 - Level 0.7 Armour
 - Level 1.5 Dodging
 + Level 3.2 Spellcasting
 - Level 3.0 Translocations


You had 7 spell levels left.
You knew the following spells:

 Your Spells              Type           Power      Damage    Failure   Level
a - Blink                 Tloc           22%        N/A       99%         2

Your spell library contained the following spells:

 Spells                   Type           Power      Damage    Failure   Level
 Lesser Beckoning         Tloc           22%        N/A       100%        3
 Teleport Other           Tloc           11%        N/A       100%        3
 Vhi's Electric Charge    Tloc/Air       12%        N/A       100%        3
 Manifold Assault         Tloc           11%        N/A       100%        4


Dungeon Overview and Level Annotations

Branches:
Dungeon (3/15)

Altars:


Innate Abilities, Weirdness & Mutations

Your serpentine skin is tough. (AC +1)
You have supernaturally acute eyesight. (SInv)
Armour fits poorly on your strangely shaped body.
Your system is resistant to poisons. (rPois)
You cover ground very slowly.
You can spit poison.
You have a snake-like lower body.
You are agile. (Dex +4, Str/Int -1)
You are strong-willed. (Will+)


Message History

The water moccasin is severely wounded.
The water moccasin bites you but does no damage. x2
You hit the water moccasin.
The water moccasin is severely wounded.
The water moccasin bites you. x2
You hit the water moccasin but do no damage.
The water moccasin is severely wounded.
The water moccasin bites you. x2
You barely miss the water moccasin.
The water moccasin is severely wounded.
The water moccasin barely misses you.
You miss the water moccasin.
The water moccasin is severely wounded.
The water moccasin bites you but does no damage.
The water moccasin barely misses you.
You closely miss the water moccasin.
The water moccasin is severely wounded.
The water moccasin bites you.
* * * LOW HITPOINT WARNING * * *
The water moccasin barely misses you.
You barely miss the water moccasin.
The water moccasin is severely wounded.
The water moccasin bites you.
* * * LOW HITPOINT WARNING * * *
The water moccasin bites you but does no damage.
You hit the water moccasin but do no damage.
Your weapon exudes an aura of protection.
The water moccasin is severely wounded.
The water moccasin barely misses you. The water moccasin bites you.
* * * LOW HITPOINT WARNING * * *
You are lethally poisoned!
The water moccasin poisons you!
It was a potion of attraction.
You feel attractive to monsters.
* * * LOW HITPOINT WARNING * * *
You feel very sick.
The water moccasin bites you but does no damage.
It was a potion of might.
You feel very mighty all of a sudden.
You die...

..#.# #.#.#
###.#.# ..>#.# ##
#.#.###### .
.<..###.........
.. #.........####
.....#.###...<..#
.... #.@....#.#
.....#+#S#..### #
#.......o#..#
#........#..#
#...........#
#.......##.##
+............
#........ .....
#.......## ####


You could see a water moccasin and an orc.

Vanquished Creatures
  Jessica (D:2)
  An adder (D:2)
  3 dart slugs
  3 ball pythons
  2 endoplasms
  A giant cockroach (D:2)
  3 goblins
  A hobgoblin (D:1)
  9 jackals
  3 kobolds
  A quokka (D:2)
  5 bats
  4 frilled lizards
  3 rats (D:1)
40 creatures vanquished.

Notes
Turn   | Place    | Note
-------+----------+-------------------------------------------
     0 | D:1      | TrayleKats the Naga Warper began the quest for the Orb.
     0 | D:1      | Reached XP level 1. HP: 19/19 MP: 3/3
   123 | D:1      | Reached XP level 2. HP: 19/27 MP: 5/5
   505 | D:1      | Reached XP level 3. HP: 33/33 MP: 6/6
   728 | D:2      | Noticed Jessica
   754 | D:2      | Killed Jessica
   755 | D:2      | Reached XP level 4. HP: 42/42 MP: 8/8
   807 | D:2      | Found a faded altar of an unknown god.
  1310 | D:2      | Learned a level 2 spell: Blink
  1408 | D:3      | Noticed a water moccasin
  1421 | D:3      | Gained mutation: You are agile. (Dex +4, Str/Int -1)
                  | [potion of mutation]
  1421 | D:3      | Gained mutation: You are strong-willed. (Will+) [potion of
                  | mutation]
  1435 | D:3      | HP: 2/42 [poisoned by a water moccasin]
  1436 | D:3      | Succumbed to a water moccasin's poison

Illustrated notes

Levels and vault maps discovered:
D:1:      minmay_arrival_four_loops, layout_rooms, grunt_decor_resistance
D:2:      layout_rooms, basic_ecumenical_altar, minivault_19, uniq_jessica
D:3:      minmay_thinvault, layout_basic, amethyst_overflow_temple_binary,
          mainiacjoe_overflow_swirl, gammafunk_ghost_grave

Skill      XL: |  1  2  3 |
---------------+----------+-----
Fighting       | 3 |  3.4
Spellcasting   | 3 |  3.2
Axes           | |  2.0
Throwing       | |  0.8
Armour         | |  0.7
Dodging        | |  1.5
Translocations | |  3.0

Action                   |  1- 3 |  4- 6 || total
-------------------------+-------+-------++-------
Melee: Hand axe          |    65 |       ||    65
       Mace              |     3 |    60 ||    63
Throw: Dart              |     3 |       ||     3
 Abil: Spit Poison       |    15 |     9 ||    24
  Use: Potion            |       |     5 ||     5
Armor: Leather armour    |    19 |    23 ||    42
       Chain mail        |       |    14 ||    14
Dodge: Dodged            |    59 |    30 ||    89

Table legend: (Time is in decaauts)
 A = Elapsed time spent in this place.
 B = Non-inter-level travel time spent in this place.
 C = Inter-level travel time spent in this place.
 D = Time resting spent in this place.
 E = Time spent auto-exploring this place.
 F = Levels seen in this place.
 G = Mean time per level.
                   A        B        C        D        E       F      G
               +--------+--------+--------+--------+--------+-----+--------+
         Total |   1849 |   1641 |    208 |      0 |   1215 |   3 |  616.3 |
       Dungeon |   1849 |   1641 |    208 |      0 |   1215 |   3 |  616.3 |
               +--------+--------+--------+--------+--------+-----+--------+

Top non-repeatable levels by time:
     D:1: 1089 daAuts
     D:2: 712 daAuts
     D:3: 47 daAuts
